 Dungeon Crawl Stone Soup version 0.31.0-32-g396128a36d (webtiles) character file.

Game seed: 5262577817595455341

75 tizbic2 the Trooper (level 4, -3/33 HPs)
             Began as an Octopode Fighter on Mar 26, 2024.
             Slain by Grinder (5 damage)
             ... while paralysed by Grinder
             ... on level 3 of the Dungeon.
             The game lasted 00:08:04 (1829 turns).

tizbic2 the Trooper (Octopode Fighter)              Turns: 1829, Time: 00:08:05

Health: -3/33      AC:  1    Str: 15    XL:     4   Next: 31%
Magic:  4/4        EV:  2    Int: 10    God:
Gold:   150        SH:  0    Dex: 13    Spells: 3/3 levels left

rFire   . . .        a - +0 rapier (drain)
rCold   . . .        l - +0 buckler
rNeg    . . .        (helmet restricted)
rPois   +            (no amulet)
rElec   .            n - ring of poison resistance
rCorr   .            (no ring)
SInv    .            (no ring)
Will    .....        (no ring)
Stlth   ++           (no ring)
HPRegen 0.25/turn    (no ring)
MPRegen 0.09/turn    (no ring)
                     (no ring)

%: no passive effects
@: paralysed
A: almost no armour, amphibious, 8 rings, camouflage 1, gelatinous body 1,
(nimble swimmer 1), tentacles
a: no special abilities


You were on level 3 of the Dungeon.
You visited 1 branch of the dungeon, and saw 3 of its levels.

You collected 150 gold pieces.

Inventory:

Hand Weapons
 a - a +0 rapier of draining (weapon)
 w - a +0 sling
Missiles
 c - 45 stones
 e - 3 javelins
 r - 2 curare-tipped darts
Armour
 l - a +0 buckler (worn)
Magical Staves
 j - a staff of earth
Jewellery
 n - a ring of poison resistance (left tentacle)
Scrolls
 f - 2 scrolls of identify {unknown}
 g - a scroll of silence {unknown}
 i - a scroll of enchant armour {unknown}
 m - a scroll of teleportation {unknown}
 q - a scroll of vulnerability {unknown}
 s - a scroll of revelation {unknown}
 t - a scroll of enchant weapon {unknown}
Potions
 b - a potion of might
 d - a potion of attraction {unknown}
 k - a potion of lignification {unknown}
 o - a potion of magic {unknown}
 p - a potion of berserk rage {unknown}


   Skills:
 * Level 3.7 Fighting
 + Level 3.4 Dodging
 * Level 3.6 Shields
 * Level 2.8 Unarmed Combat


You had 3 spell levels left.
You didn't know any spells.
Your spell library contained the following spells:

 Spells                   Type           Power      Damage    Failure   Level
 Sandblast                Erth           0%         2d4       45%         1
 Passwall                 Erth           0%         N/A       83%         3
 Stone Arrow              Conj/Erth      0%         3d7       83%         3
 Brom's Barrelling Bould  Conj/Erth      0%         2d3       99%         4


Dungeon Overview and Level Annotations

Branches:
Dungeon (3/15)

Altars:

Annotations:
D:3 Grinder


Innate Abilities, Weirdness & Mutations

You cannot wear most types of armour.
You are amphibious.
You can wear up to eight rings at the same time.
Your skin changes colour to match your surroundings (Stealth+).
Your rubbery body absorbs attacks. (AC +1, EV +1)
((You are camouflaged when in or above water. (Stealth+)))
You have tentacles for arms and can constrict up to eight enemies at once.


Message History

Press: ? - help, Shift-Dir - straight line, f/p - Grinder
Aim: Grinder (moderately wounded, 50% to hit)
You throw a curare-tipped dart. The curare-tipped dart hits Grinder.
Grinder is moderately wounded.
Grinder gestures at you.
You barely resist. Grinder gestures at you. Pain shoots through your body!
You see here a poisoned dart.
You hit Grinder. You grab Grinder.
Grinder is moderately wounded.
You constrict Grinder, but do no damage.
Grinder blinks free!
Grinder gestures at you. You resist with significant effort.
You hit Grinder. Your grab misses Grinder. You squeeze Grinder!
Grinder is severely wounded.
Grinder grins, showing sharp teeth.
Grinder hits you.
You writhe in agony.
Grinder hits you.
You writhe in agony.
You barely miss Grinder. Your grab misses Grinder.
Grinder is severely wounded.
Grinder blinks!
Grinder closely misses you.
You see here a poisoned dart.
You hit Grinder but do no damage. You grab Grinder.
Grinder is severely wounded.
You constrict Grinder.
Grinder says, "There's only one good use for a tongue: cutting it out."
Grinder barely misses you.
You hit Grinder.
Grinder is severely wounded.
You constrict Grinder. Grinder gestures at you.
You suddenly lose the ability to move!
You lose your grip on Grinder.
Grinder completely misses you. Grinder hits you!
* * * LOW HITPOINT WARNING * * *
You writhe in agony.
You die...
Grinder says, "Now the real fun starts!"

#.##.# ###.##.#
#......#
#......########
#.............###
#................
#.....#.....$.###
###.###....(((...
#......@.......
#####...5...###
#.......#
#########


You could see Grinder.

Vanquished Creatures
  3 adders
  An orc (D:3)
  8 ball pythons
  4 bats (D:1)
  2 endoplasms (D:2)
  3 giant cockroaches
  6 goblins
  4 hobgoblins
  6 kobolds
  A quokka (D:1)
  4 frilled lizards
  3 rats
45 creatures vanquished.

Notes
Turn   | Place    | Note
-------+----------+-------------------------------------------
     0 | D:1      | tizbic2 the Octopode Fighter began the quest for the Orb.
     0 | D:1      | Reached XP level 1. HP: 16/16 MP: 1/1
   127 | D:1      | Reached XP level 2. HP: 19/21 MP: 2/2
   836 | D:1      | Reached XP level 3. HP: 26/26 MP: 3/3
   870 | D:1      | Found a faded altar of an unknown god.
  1550 | D:2      | Reached XP level 4. HP: 25/31 MP: 4/4
  1804 | D:3      | Noticed Grinder
  1808 | D:3      | Paralysed by Grinder for 3 turns
  1827 | D:3      | Paralysed by Grinder for 3 turns
  1829 | D:3      | Slain by Grinder

Illustrated notes

Levels and vault maps discovered:
D:1:      onia_arrival_mini_maze, layout_loops_cross,
          nicolae_ecumenical_snake_handling, minivault_27
D:2:      layout_loops_ring
D:3:      layout_loops_ring, palyth_stone_intersect, kennysheep_generic_room_8,
          uniq_grinder

Action                     |  1- 3 |  4- 6 || total
---------------------------+-------+-------++-------
  Melee: Unarmed           |    51 |       ||    51
         Constrict         |    15 |     6 ||    21
         Tentacles         |    10 |     4 ||    14
         Falchion          |    17 |     1 ||    18
         Staff             |     6 |       ||     6
         Punch             |     3 |       ||     3
         Rapier            |       |    21 ||    21
   Fire: Sling             |     1 |     8 ||     9
  Throw: Dart              |    16 |     5 ||    21
    Use: Scroll            |     1 |       ||     1
   Stab: Sleeping          |     7 |       ||     7
 Armour: Skin              |    30 |     6 ||    36
  Dodge: Dodged            |    35 |    11 ||    46
  Block: Buckler           |    14 |     5 ||    19
